 Dungeon Crawl Stone Soup version 0.25-a0-253-g6f1b5d974a (webtiles) character file.

Game seed: 8177716573862660557, levelgen mode: deterministic

127 Iskender the Chiller (level 4, -7/33 HPs)
             Began as a Demigod Ice Elementalist on Dec 5, 2019.
             Killed by nerve-wracking pain
             ... invoked by Grinder
              (11 damage)
             ... on level 3 of the Dungeon.
             The game lasted 00:11:09 (2590 turns).

Iskender the Chiller (Demigod Ice Elementalist)     Turns: 2590, Time: 00:11:09

Health: -7/33      AC:  3    Str: 11    XL:     4   Next: 56%
Magic:  3/9        EV: 12    Int: 21    God:
Gold:   200        SH:  0    Dex: 16    Spells: 3/7 levels left

rFire    + . .     SeeInvis .   a - +2 dagger (elec)
rCold    . . .     Gourm    .   (no shield)
rNeg     . . .     Faith    .   i - +0 leather armour
rPois    .         Spirit   .   (no helmet)
rElec    .         Reflect  .   (no cloak)
rCorr    .         Harm     .   (no gloves)
MR       .....     Rnd*Rage +   (no boots)
Stlth    ++........             (no amulet)
HPRegen  0.51/turn              m - ring of protection from fire
MPRegen  0.11/turn              (no ring)

@: no status effects
A: berserk 1, high mp 1, regeneration 1, wild magic 1
a: no special abilities


You were on level 3 of the Dungeon.
You were not hungry.

You visited 1 branch of the dungeon, and saw 3 of its levels.

You collected 200 gold pieces.

Inventory:

Hand Weapons
 a - a +2 dagger of electrocution (weapon)
 o - a +1 dagger of flaming
Missiles
 f - 38 stones (quivered)
Armour
 d - a +0 ring mail
 g - a +0 robe
 i - a +0 leather armour (worn)
Jewellery
 m - a ring of protection from fire (left hand)
Scrolls
 b - a scroll of remove curse
 e - a scroll of teleportation
 h - a scroll of fog
 k - a scroll of identify
 n - a scroll of immolation {unknown}
Potions
 j - a potion of mutation
 l - a potion of cancellation {unknown}
 q - a potion of brilliance {unknown}
Comestibles
 c - 4 rations


   Skills:
 - Level 1.7 Dodging
 - Level 1.7 Stealth
 + Level 2.1 Spellcasting
 + Level 5.5 Ice Magic


You had 3 spell levels left.
You knew the following spells:

 Your Spells              Type           Power        Failure   Level  Hunger
a - Freeze                Ice            ####         3%          1    #......
o - Ozocubu's Armour      Chrm/Ice       ###.....     26%         3    ###....

Your spell library contained the following spells:

 Spells                   Type           Power        Failure   Level  Hunger
 Hailstorm                Conj/Ice       ###.....     61%         4    #####..
 Summon Ice Beast         Ice/Summ       ###.....     61%         4    #####..


Dungeon Overview and Level Annotations

Branches:
Dungeon (3/15)

Annotations:
D:3 Grinder


Innate Abilities, Weirdness & Mutations

You have an increased reservoir of magic. (+10% MP)
You tend to lose your temper in combat.
Your natural rate of healing is unusually fast.
Your spells are a little harder to cast, but a little more powerful.


Message History

Aim: Grinder (lightly wounded) Grinder resists.
You freeze Grinder.
Grinder is lightly wounded.
Grinder barely misses you.
Casting: Freeze (safe; 3% risk of failure)
Confirm with . or Enter, or press ? or * to list all spells.
Aiming: Freeze (safe; 3% risk of failure)
Press: ? - help, Shift-Dir - straight line, f/p - Grinder
Aim: Grinder (lightly wounded) Grinder completely resists.
You freeze Grinder but do no damage. Grinder barely misses you.
Casting: Freeze (safe; 3% risk of failure)
Confirm with . or Enter, or press ? or * to list all spells.
Aiming: Freeze (safe; 3% risk of failure)
Press: ? - help, Shift-Dir - straight line, f/p - Grinder
Aim: Grinder (lightly wounded) Grinder completely resists.
You freeze Grinder but do no damage. Grinder gestures at you.
Pain shoots through your body!
You die...

############
.......5..)#
########@''#######
########...#######
##°○§§§#...#○☼☼☼.#
##☼○°§○#.#.#§☼○§.#
##§§☼§§#...#§☼§§○#
##☼○☼§☼#...#..☼§○#
##.☼○§☼#...#○..○.#
########...#######
#......._.......#


You could see Grinder.

Vanquished Creatures
  A gnoll (D:1)
  2 adders
  2 worms
  4 dart slugs
  3 leopard geckos
  An orc (D:2)
  11 bats
  6 giant cockroaches
  10 goblins
  11 hobgoblins
  3 jackals (D:1)
  2 quokkas
  A ball python (D:3)
  4 frilled lizards
  6 kobolds
  9 rats
76 creatures vanquished.

Notes
Turn   | Place    | Note
-------+----------+-------------------------------------------
     0 | D:1      | Iskender the Demigod Ice Elementalist began the quest for
                  | the Orb.
     0 | D:1      | Reached XP level 1. HP: 14/14 MP: 5/5
   284 | D:1      | Reached skill level 4 in Ice Magic
   396 | D:1      | Reached XP level 2. HP: 18/20 MP: 4/7
   797 | D:1      | Reached XP level 3. HP: 19/26 MP: 0/8
  1349 | D:2      | Learned a level 3 spell: Ozocubu's Armour
  1355 | D:2      | Reached skill level 5 in Ice Magic
  1587 | D:2      | Reached XP level 4. HP: 33/33 MP: 7/9
  2145 | D:3      | Found an opulent altar of Gozag.
  2211 | D:3      | Found an ornate altar of the Wu Jian Council.
  2510 | D:3      | Gained mutation: You tend to lose your temper in combat.
                  | [potion of mutation]
  2510 | D:3      | Gained mutation: Your spells are a little harder to cast,
                  | but a little more powerful. [potion of mutation]
  2510 | D:3      | Gained mutation: Your natural rate of healing is unusually
                  | fast. [potion of mutation]
  2555 | D:3      | Found a sparkling altar of Nemelex Xobeh.
  2575 | D:3      | Noticed Grinder
  2583 | D:3      | Paralysed by Grinder for 3 turns
  2590 | D:3      | Killed from afar by Grinder

Levels and vault maps discovered:
D:1:      dpeg_arrival_oval, layout_rooms, serial_co_window_serial,
          co_window_paths_a, co_window_paths_b, co_window_paths_a,
          co_window_of_opportunity_a, co_window_corner_a, co_window_paths_c,
          co_window_broadway_a, co_window_of_opportunity_b, co_window_paths_e,
          co_window_4corner_b, glass_columns_a, glass_columns_b,
          glass_columns_c, glass_columns_c, glass_columns_c
D:2:      layout_loops_ring, first_ration, st_stairs_12,
          minmay_misc_feat_hallway, minmay_worlds_worst_comb
D:3:      minmay_general_purpose_star, layout_rooms, lemuel_round_altar,
          overflow_temple_1_default, nemelex_altar_shiori, uniq_grinder

Skill      XL: |  1  2  3  4 |
---------------+-------------+-----
Ice Magic      | 4 5 |  5.5
Spellcasting   | 2 |  2.1
Dodging        | |  1.7
Stealth        | |  1.7

Action                   |  1- 3 |  4- 6 || total
-------------------------+-------+-------++-------
Melee: Unarmed           |     8 |       ||     8
       Dagger            |    50 |    22 ||    72
 Cast: Freeze            |    44 |    33 ||    77
  Use: Scroll            |       |     3 ||     3
       Potion            |       |     1 ||     1
 Stab: Sleeping          |     7 |     1 ||     8
  Eat: Chunk             |     3 |     4 ||     7
Armor: Robe              |     1 |       ||     1
       Ring mail         |     7 |       ||     7
       Leather armour    |    19 |     6 ||    25
Dodge: Dodged            |    53 |    22 ||    75

Table legend:
 A = Non-vault XP
 B = Vault XP
 C = Vault XP percentage of total XP
 D = Non-vault monster count
 E = Vault monster count
 F = Vault count percentage of total count
                 A         B        C        D         E       F
            +---------+---------+-------+---------+---------+-------
      Total |     172 |      10 |   5.5 |      71 |       5 |   6.6
            +---------+---------+-------+---------+---------+-------
        D:1 |      70 |       0 |   0.0 |      30 |       0 |   0.0
        D:2 |      63 |      10 |  13.7 |      28 |       5 |  15.2
        D:3 |      39 |       0 |   0.0 |      13 |       0 |   0.0
            +---------+---------+-------+---------+---------+-------
